 Dungeon Crawl Stone Soup version 0.29.0 (webtiles) character file.

Game seed: 16306103101686006867

456 mezmerelda the Chopper (level 6, 0/58 HPs)
             Began as a Minotaur Berserker on Sept 5, 2022.
             Was a Believer of Trog.
             Slain by a gnoll
             ... wielding a +0 spear
             ... led by a gnoll bouda
              (3 damage)
             ... on level 5 of the Dungeon.
             The game lasted 00:15:12 (2882 turns).

mezmerelda the Chopper (Minotaur Berserker)         Turns: 2882, Time: 00:15:13

Health: 0/58       AC: 12    Str: 24    XL:     6   Next: 77%
Magic:  5/5        EV:  8    Int:  4    God:    Trog [**....]
Gold:   239        SH:  0    Dex:  9    Spells: 5/5 levels left

rFire   + . .      SeeInvis .   a - +0 hand axe
rCold   . . .      Faith    .   (no shield)
rNeg    . . .      Spirit   .   g - +1 chain mail {rF+}
rPois   .          Reflect  .   (helmet restricted)
rElec   .          Harm     .   (no cloak)
rCorr   +          Rampage  .   m - +0 pair of gloves
Will    +....                   l - +0 pair of boots
Stlth   ..........              (no amulet)
HPRegen 0.19/turn               k - ring of willpower
MPRegen 0.09/turn               q - ring of resist corrosion

@: on berserk cooldown, slowed, very slow
A: horns 2, retaliatory headbutt
a: Renounce Religion, Berserk, Trog's Hand


You were on level 5 of the Dungeon.
You worshipped Trog.
Trog was pleased with you.
You visited 1 branch of the dungeon, and saw 5 of its levels.

You collected 239 gold pieces.

Inventory:

Hand Weapons
 a - a +0 hand axe (weapon)
 b - a +0 sling
Missiles
 n - 2 poisoned darts (quivered)
Armour
 g - a +1 chain mail of fire resistance (worn)
 l - a +0 pair of boots (worn)
 m - a +0 pair of gloves (worn)
 u - a +0 plate armour
Jewellery
 k - a ring of willpower (left hand)
 q - a ring of resist corrosion (right hand)
 t - a ring of see invisible
Scrolls
 c - a scroll of torment {unknown}
 d - a scroll of fear {unknown}
 f - 3 scrolls of identify {unknown}
 h - 2 scrolls of enchant armour {unknown}
 i - 4 scrolls of magic mapping {unknown}
 o - a scroll of poison {unknown}
 s - a scroll of vulnerability {unknown}
 v - a scroll of amnesia {unknown}
Potions
 e - a potion of heal wounds {unknown}
 j - a potion of brilliance {unknown}
 p - 2 potions of curing
 r - a potion of berserk rage {unknown}
 w - 2 potions of cancellation {unknown}
 x - a potion of flight {unknown}
 z - a potion of haste {unknown}


   Skills:
 + Level 6.9 Fighting
 - Level 7.0 Axes
 - Level 3.0 Armour
 - Level 2.1 Dodging


You had 5 spell levels left.
You didn't know any spells.
Your spell library was empty.

Dungeon Overview and Level Annotations

Branches:
Dungeon (5/15)
 Temple: D:4-7

Altars:
Ashenzari
Cheibriados
Dithmenos
Hepliaklqana
Kikubaaqudgha
Okawaru
Ru


Innate Abilities, Weirdness & Mutations

You have a pair of horns on your head.
You reflexively headbutt those who attack you in melee.


Message History

You hit the gnoll. You headbutt the gnoll.
You kill the gnoll!
Trog accepts your kill.
You closely miss the orc. The orc closely misses you.
The gnoll hits you from afar with a +0 spear!
The orc hits you with a +0 short sword.
* * * LOW HITPOINT WARNING * * *
You completely miss the orc.
The orc is lightly wounded.
Your skin stops crawling.
You feel less strong-willed.
The gnoll hits you from afar with a +0 spear.
* * * LOW HITPOINT WARNING * * *
The orc hits you but does no damage.
You closely miss the orc.
The orc is lightly wounded.
The gnoll barely misses you. The orc hits you with a +0 short sword.
* * * LOW HITPOINT WARNING * * *
The gnoll hits you from afar with a +0 spear.
* * * LOW HITPOINT WARNING * * *
You hit the orc.
You kill the orc!
Trog accepts your kill.
You hear a shout!
An orc comes into view. It is wielding a +0 hand axe.
The gnoll hits you from afar with a +0 spear.
* * * LOW HITPOINT WARNING * * *
A gnoll comes into view. It is wielding a +0 whip.
The orc closely misses you.
The gnoll shouts!
You hit the orc. Your headbutt misses the orc.
The orc is heavily wounded.
You hit the gnoll but do no damage. The gnoll barely misses you.
The gnoll hits you but does no damage. The orc hits you but does no damage.
The gnoll hits you but does no damage.
You hit the orc. You headbutt the orc.
You kill the orc!
Trog accepts your kill.
You closely miss the gnoll. The gnoll barely misses you.
The gnoll hits you from afar with a +0 spear.
You die...

.5 .. ## .. .#
... #. #J####
..?.##. .>...
.#.....#(.# ##.
##O## #.⌠
##.♣.#
#)###5#.####
#@#.#.#.#.# ..
##g♣.###.⌠ ...
.###g#.#.#.#...
#.#.#.#.####.#
♣.###.⌠.##.#
#.#.#.#.##.#
..#.....#..#
##...##....##
## #.........#
#.


You could see 2 gnolls.

Vanquished Creatures
  An ogre (D:5)
  A scorpion (D:4)
  2 hounds (D:5)
  A jelly (D:5)
  A gnoll bouda (D:5)
  2 iguanas (D:5)
  An orc wizard (D:3)
  A gnoll (D:5)
  4 adders
  An ufetubus (D:5)
  A dart slug (D:3)
  9 orcs
  3 ball pythons
  4 endoplasms
  3 giant cockroaches
  2 goblins
  9 hobgoblins
  6 kobolds
  2 quokkas
  A bat (D:1)
  4 frilled lizards
  2 rats
61 creatures vanquished.

Notes
Turn   | Place    | Note
-------+----------+-------------------------------------------
     0 | D:1      | mezmerelda the Minotaur Berserker began the quest for the
                  | Orb.
     0 | D:1      | Reached XP level 1. HP: 19/19 MP: 0/0
   164 | D:1      | Reached skill level 4 in Axes
   196 | D:1      | Reached XP level 2. HP: 25/26 MP: 1/1
   586 | D:1      | Reached ** piety under Trog
   587 | D:1      | Reached skill level 5 in Axes
   890 | D:2      | Reached XP level 3. HP: 31/31 MP: 2/2
   997 | D:2      | Found a faded altar of an unknown god.
  1011 | D:2      | Found a broken altar of Ashenzari.
  2114 | D:3      | Reached skill level 6 in Axes
  2114 | D:3      | Reached XP level 4. HP: 31/39 MP: 3/3
  2543 | D:4      | Noticed a scorpion
  2556 | D:4      | Killed a scorpion
  2557 | D:4      | Reached skill level 7 in Axes
  2557 | D:4      | Reached XP level 5. HP: 41/46 MP: 4/4
  2617 | D:4      | Found a sacrificial altar of Ru.
  2629 | D:4      | Found an ancient bone altar of Kikubaaqudgha.
  2633 | D:4      | Found a shadowy altar of Dithmenos.
  2633 | D:4      | Found a snail-covered altar of Cheibriados.
  2640 | D:4      | Found a hazy altar of Hepliaklqana.
  2655 | D:4      | Noticed an ogre
  2662 | D:5      | Entered Level 5 of the Dungeon
  2744 | D:5      | Found an iron altar of Okawaru.
  2830 | D:5      | Noticed an ogre
  2848 | D:5      | Killed an ogre
  2849 | D:5      | Reached skill level 5 in Fighting
  2849 | D:5      | Reached XP level 6. HP: 38/56 MP: 5/5
  2882 | D:5      | Slain by a gnoll

Illustrated notes

Levels and vault maps discovered:
D:1:      shiori_arrival_elements, layout_basic, minmay_3d_cube
D:2:      layout_loops_cross, dilly_ecumenical_altar_fadedgnrine, basic_altar,
          chequers_serial_rivers_micro_a, minivault_27
D:3:      layout_basic, minmay_misc_feat_enclosed, minivault_11
D:4:      layout_layer_cave, nicolae_overflow_hallway_of_the_gods,
          hangedman_decor_growths
D:5:      layout_loops_cross, okawaru_gym_becter, grunt_decor_mini_mirrors,
          amethyst_killhole, nicolae_concentric_dashed_squares_mild

Skill      XL: |  1  2  3  4  5  6 |
---------------+-------------------+-----
Axes           | 4 5 6 7 |  7.0
Fighting       | 5 6 |  6.9
Armour         | 3 |  3.0
Dodging        | |  2.1

Action                   |  1- 3 |  4- 6 || total
-------------------------+-------+-------++-------
Melee: Hand axe          |    90 |    75 ||   165
       Headbutt          |    18 |    10 ||    28
 Fire: Sling             |       |     1 ||     1
Throw: Dart              |    14 |     6 ||    20
Invok: Berserk           |       |     1 ||     1
       Trog's Hand       |       |     1 ||     1
  Use: Potion            |       |     1 ||     1
Armor: Animal skin       |     2 |       ||     2
       Chain mail        |    40 |    39 ||    79
Dodge: Dodged            |    34 |    39 ||    73
